 Dungeon Crawl Stone Soup version 0.25-a0-829-g4e6a552925 (webtiles) character file.

Game seed: 17485636754827981520, levelgen mode: deterministic

26 Maedhros the Charlatan (level 3, -1/23 HPs)
             Began as an Octopode Artificer on Apr 21, 2020.
             Hit by a boomerang thrown by an orc (3 damage)
             ... on level 3 of the Dungeon.
             The game lasted 00:00:39 (260 turns).

Maedhros the Charlatan (Octopode Artificer)          Turns: 260, Time: 00:00:40

Health: -1/23      AC:  1    Str: 11    XL:     3   Next: 8%
Magic:  5/5        EV: 13    Int: 13    God:
Gold:   5          SH:  0    Dex: 13    Spells: 2/2 levels left

rFire    . . .     SeeInvis .   a - +0 short sword
rCold    . . .     Gourm    .   (no shield)
rNeg     . . .     Faith    .   (helmet restricted)
rPois    .         Spirit   .   (no amulet)
rElec    .         Reflect  .   (no ring)
rCorr    .         Harm     .   (no ring)
MR       .....                  (no ring)
Stlth    +++.......             (no ring)
HPRegen  0.07/turn              (no ring)
MPRegen  0.09/turn              (no ring)
                                (no ring)
                                (no ring)

@: no status effects
A: almost no armour, stealthy swim, amphibious, 8 rings, constrict 8, camouflage
1, gelatinous body 1
a: no special abilities


You were on level 3 of the Dungeon.
You were not hungry.

You visited 1 branch of the dungeon, and saw 3 of its levels.

You collected 5 gold pieces.

Inventory:

Hand Weapons
 a - a +0 short sword (weapon)
 e - a +0 hunting sling
Missiles
 g - 24 sling bullets
Wands
 b - a wand of flame (15)
 c - a wand of enslavement (13)
 d - a wand of random effects (15)
Scrolls
 h - a scroll of enchant armour {unknown}
Comestibles
 f - 2 rations


   Skills:
 - Level 1.0 Fighting
 - Level 1.0 Short Blades
 - Level 2.0 Dodging
 + Level 2.4 Stealth
 * Level 1.7 Unarmed Combat
 + Level 3.6 Evocations


You had 2 spell levels left.
You didn't know any spells.
Your spell library was empty.

Dungeon Overview and Level Annotations

Branches:
Dungeon (3/15)

Altars:


Innate Abilities, Weirdness & Mutations

You cannot wear most types of armour.
You are very stealthy in the water. (Stealth+)
You are amphibious.
You can wear up to eight rings at the same time.
You can use your tentacles to constrict eight enemies at once.
Your skin changes colour to match your surroundings (Stealth+).
Your rubbery body absorbs attacks. (AC +1, EV +1)


Message History

You closely miss the leopard gecko. You grab the leopard gecko.
You constrict the leopard gecko. The leopard gecko barely misses you.
A kobold comes into view. It is wielding a +0 club.
The orc throws a boomerang.
The boomerang barely misses your adder.
The boomerang hits the leopard gecko.
The weapon returns to the orc!
You hit the leopard gecko.
You kill the leopard gecko!
The orc throws a boomerang.
The boomerang misses your adder. The boomerang hits you!
* * * LOW HITPOINT WARNING * * *
The weapon returns to the orc!
You aren't carrying any potions.
What are your orders? t - Shout!
Orders for allies: a - Attack new target. r - Retreat! s - Stop attacking. g - Guard the area. f - Follow me.
Anything else - Cancel.
Guard this area!
The orc throws a boomerang.
The boomerang hits you.
You die...

#.
..#.######
#.....@.##
#.....†..#
#........###
#.(........#
#.......##.#
#.......SS.#
#......)o.##
........))#
#####.....#


You could see an orc and a friendly adder.

Vanquished Creatures
  An ooze (D:1)
  4 leopard geckos
  3 orcs (D:3)
  2 bats (D:1)
  A hobgoblin (D:1)
  A jackal (D:2)
  A frilled lizard (D:2)
13 creatures vanquished.

Vanquished Creatures (collateral kills)
  An orc (D:3)
1 creature vanquished.

Grand Total: 14 creatures vanquished

Notes
Turn   | Place    | Note
-------+----------+-------------------------------------------
     0 | D:1      | Maedhros the Octopode Artificer began the quest for the
                  | Orb.
     0 | D:1      | Reached XP level 1. HP: 13/13 MP: 3/3
   107 | D:1      | Reached skill level 1 in Unarmed Combat
   107 | D:1      | Reached XP level 2. HP: 7/18 MP: 4/4
   253 | D:3      | Reached XP level 3. HP: 13/23 MP: 5/5
   260 | D:3      | Hit by a boomerang thrown by an orc

Levels and vault maps discovered:
D:1:      dpeg_arrival_renting, layout_basic, chequers_mini_garden
D:2:      layout_basic, uniq_natasha
D:3:      layout_basic, kennysheep_ying_yang, marbit_many_paths,
          hangedman_decor_points, palyth_stone_intersect,
          minmay_tree_intersection

Skill      XL: |  1 |
---------------+----+-----
Stealth        | 2 |  2.4
Unarmed Combat | 1 |  1.7
Fighting       | |  1.0
Short Blades   | |  1.0
Dodging        | |  2.0
Evocations     | |  3.6

Action                   || total
-------------------------++-------
Melee: Short sword       ||    31
       Tentacles         ||     7
       Constrict         ||     6
Evoke: Wand              ||     2
 Stab: Sleeping          ||     5
Armor: Skin              ||     2
Dodge: Dodged            ||    29

Table legend:
 A = Non-vault XP
 B = Vault XP
 C = Vault XP percentage of total XP
 D = Non-vault monster count
 E = Vault monster count
 F = Vault count percentage of total count
                 A         B        C        D         E       F
            +---------+---------+-------+---------+---------+-------
      Total |      38 |       0 |   0.0 |      14 |       0 |   0.0
            +---------+---------+-------+---------+---------+-------
        D:1 |      15 |       0 |   0.0 |       5 |       0 |   0.0
        D:2 |       9 |       0 |   0.0 |       4 |       0 |   0.0
        D:3 |      14 |       0 |   0.0 |       5 |       0 |   0.0
            +---------+---------+-------+---------+---------+-------
